 Dungeon Crawl Stone Soup version 0.26-a0-665-gefeb406119 (webtiles) character file.

Game seed: 7046971288413666972

5022 grandjackal the Fighter (level 10, -5/90 HPs)
             Began as a Black Draconian Gladiator on Oct 16, 2020.
             Was a Believer of Ashenzari.
             Slain by a fire giant
             ... wielding a +1 great sword of flaming
              (26 damage)
             ... on level 8 of the Dungeon.
             The game lasted 00:10:14 (8462 turns).

grandjackal the Fighter (Black Draconian Gladiator) Turns: 8462, Time: 00:10:14

Health: -5/90      AC: 11    Str: 23    XL:     10   Next: 30%
Magic:  21/21      EV: 17    Int:  7    God:    Ashenzari [**....]
Gold:   426        SH:  0    Dex: 15    Spells: 19/24 levels left

rFire    + . .     SeeInvis .   n - +2 quarterstaff (chaos) (curse)
rCold    + . .     Faith    .   (shield currently unavailable)
rNeg     . . .     Spirit   .   (armour unavailable)
rPois    +         Reflect  .   b - +0 hat
rElec    +         Harm     .   o - +2 cloak
rCorr    .         Rampage  .   (no gloves)
MR       +....                  f - +0 pair of boots
Stlth    +.........             (no amulet)
HPRegen  0.25/turn              w - +6 ring of strength
MPRegen  0.17/turn              t - ring of protection from fire

@: brilliant, short of breath, very slightly contaminated, studying
Spellcasting, invisible
A: breathe lightning, unfitting armour, cold resistance 1, dopey 1, magic
resistance 1, poison resistance, electricity resistance, cold-blooded, AC +7
a: Breathe Lightning, Curse Item, Scrying, Renounce Religion


You were on level 8 of the Dungeon.
You worshipped Ashenzari.
Ashenzari was pleased with you.
You visited 2 branches of the dungeon, and saw 9 of its levels.

You collected 426 gold pieces.

Inventory:

Hand Weapons
 a - a +0 quarterstaff
 n - a cursed +2 quarterstaff of chaos (weapon)
Missiles
 c - 8 throwing nets (quivered)
Armour
 b - a +0 hat (worn)
 f - a +0 pair of boots (worn)
 o - a +2 cloak (worn)
Jewellery
 l - an uncursed ring of magical power
 t - a ring of protection from fire (right hand)
 w - a +6 ring of strength (left hand)
 x - a cursed ring of poison resistance
Wands
 q - a wand of digging (4)
 r - a wand of flame (28)
 A - a wand of iceblast (11)
 B - a wand of paralysis (7)
 C - a wand of polymorph (7)
Scrolls
 d - 2 scrolls of magic mapping {unknown}
 e - 7 scrolls of teleportation {unknown}
 h - 2 scrolls of amnesia {unknown}
 i - 3 scrolls of identify {unknown}
 j - 4 scrolls of remove curse
 y - a scroll of fear {unknown}
 z - 2 scrolls of blinking {unknown}
Potions
 g - a potion of curing
 k - 2 potions of lignification
 m - a potion of invisibility
 p - a potion of heal wounds {unknown}
 u - a potion of mutation
 v - a potion of brilliance
 D - a potion of ambrosia {unknown}
Books
 s - a manual of Spellcasting


   Skills:
 + Level 8.5 Fighting
 + Level 8.1(11.1) Staves
 - Level 1.7 Throwing
 + Level 7.4 Dodging
 + Level 7.6 Spellcasting
 + Level 5.2 Translocations


You had 19 spell levels left.
You knew the following spells:

 Your Spells              Type           Power        Failure   Level
a - Mephitic Cloud        Conj/Pois/Air  #.......     54%         3
b - Blink                 Tloc           N/A          3%          2

Your spell library contained the following spells:

 Spells                   Type           Power        Failure   Level
 Corona                   Hex            #......      22%         1
 Magic Dart               Conj           #...         22%         1
 Call Imp                 Summ           #.......     32%         2
 Ensorcelled Hibernation  Hex/Ice        #.....       32%         2
 Slow                     Hex            #.......     32%         2
 Confusing Touch          Hex            #.......     54%         3
 Conjure Flame            Conj/Fire      #.......     54%         3
 Dazzling Flash           Conj/Hex       #.....       54%         3
 Tukima's Dance           Hex            #.......     54%         3


Dungeon Overview and Level Annotations

Branches:
Dungeon (8/15)             Temple (1/1) D:5            Lair (0/6) D:8

Altars:
Ashenzari
Dithmenos
Fedhas
Gozag
Kikubaaqudgha
Nemelex Xobeh
Okawaru
Qazlal
Sif Muna
Trog
Vehumet
Yredelemnul
The Shining One

Shops:
D:6 *

Annotations:
D:4 1 runed translucent door, BruhMomento's ghost, amateur DsBe
D:6 3 runed translucent doors, snackwell's ghost, novice MfSu
D:8 1 runed translucent door


Innate Abilities, Weirdness & Mutations

You can breathe wild blasts of lightning.
Your glossy black scales are hard. (AC +7)
You cannot fit into any form of body armour.
You are resistant to electric shocks. (rElec)
You are cold-blooded and may be slowed by cold attacks.
Your flesh is cold resistant. (rC+)
You are dopey. (Int -2)
You are resistant to hostile enchantments. (MR+)
Your system is resistant to poisons. (rPois)


Message History

It was a potion of invisibility.
You fade into invisibility!
The fire giant hits you with a +1 great sword of flaming!!
The fire giant burns you.
You are very lightly contaminated with residual magic.
It was a potion of curing.
You feel better.
The fire giant points at you and mumbles some strange words.
The bolt of fire hits you!! You resist.
It was a potion of mutation.
You feel extremely strange.
You feel stupid.
You feel resistant to hostile enchantments.
You feel resistant to poisons.
You feel resistant to cold.
The fire giant hits you with a +1 great sword of flaming!!
* * * LOW HITPOINT WARNING * * *
The fire giant burns you.
* * * LOW HITPOINT WARNING * * *
It was a potion of brilliance.
You feel clever all of a sudden.
The fire giant hits you with a +1 great sword of flaming!!
You die...

P...#......#.#+#.#..#..##'####..#
....#.....##[#.#.##...###...##...
....'.....#.##.##.#....*#........
P...#....## * ,, ,##...,.........
.#..###..# * {,, #... #...##...
.'......## * ,∆ ,##.,,###'##..#
.##...###* ,, ###* ####,........#
....###,, * #C####..###........
..###. ** ,#{#@##..#..###......
###..#** * #{##.#...#...###....
#..#* :}∆##...#...#..###.. .#
C}#∆ ###..#...#...(## #..#* ##),
,#.#...#..###(. ###..# , ## ,
#..#...###..(. ..# *. * , *
#.#..###...... #...# * *,*
*#..###.......) # .... , *###
,.........


You could see a fire giant.

Vanquished Creatures
  Harold (D:8)
  A troll (D:8)
  4 wyverns (D:8)
  A basilisk (D:8)
  A golden eye (D:8)
  Edmund (D:5)
  3 water moccasins
  Duvessa (D:5)
  An orc warrior (D:8)
  A hornet zombie (D:8)
  A sky beast (D:4)
  2 black bears (D:8)
  A wolf (D:8)
  3 ogres
  A necrophage (D:7)
  2 centaurs
  3 bullfrogs
  Dowan (D:5)
  2 scorpions
  9 wights
  A howler monkey (D:7)
  3 hounds
  Crazy Yiuf (D:2)
  A gnoll shaman (D:5)
  An orc priest (D:5)
  8 orc wizards
  An iguana (D:4)
  4 worker ants
  Robin (D:2)
  9 adders
  4 gnolls (D:5)
  2 white imps
  An ufetubus (D:3)
  An ooze (D:2)
  10 worms
  2 dart slugs (D:3)
  4 leopard geckos
  29 orcs
  2 giant cockroaches (D:2)
  14 goblins
  13 hobgoblins
  14 jackals
  6 kobolds
  A quokka (D:4)
  7 bats
  4 frilled lizards
  5 rats
189 creatures vanquished.

Vanquished Creatures (collateral kills)
  A bat (D:3)
1 creature vanquished.

Vanquished Creatures (others)
  4 fungi (D:8)
  7 plants (D:8)
  4 withered plants (D:6)
15 creatures vanquished.

Grand Total: 205 creatures vanquished

Notes
Turn   | Place    | Note
-------+----------+-------------------------------------------
     0 | D:1      | grandjackal the Draconian Gladiator began the quest for the
                  | Orb.
     0 | D:1      | Reached XP level 1. HP: 17/17 MP: 1/1
   316 | D:1      | Reached XP level 2. HP: 25/25 MP: 2/2
   723 | D:2      | Noticed Robin
   735 | D:2      | Killed Robin
   735 | D:2      | Reached XP level 3. HP: 24/30 MP: 3/3
  1135 | D:2      | Reached XP level 4. HP: 9/38 MP: 4/4
  1820 | D:2      | Found a runed translucent door.
  1821 | D:2      | Noticed Crazy Yiuf
  1902 | D:2      | Killed Crazy Yiuf
  2086 | D:3      | Reached XP level 5. HP: 46/46 MP: 5/5
  2851 | D:4      | Found a runed translucent door.
  2917 | D:4      | Reached XP level 6. HP: 52/52 MP: 6/6
  3182 | D:4      | Reached skill level 5 in Staves
  3273 | D:4      | Found a broken altar of Ashenzari.
  3275 | D:4      | Found a stormy altar of Qazlal.
  3277 | D:4      | Found a blossoming altar of Fedhas.
  3285 | D:4      | Reached skill level 5 in Fighting
  3318 | D:4      | Your scales start taking on a glossy black colour.
  3318 | D:4      | Reached XP level 7. HP: 38/61 MP: 7/7
  3318 | D:4      | Gained mutation: You are resistant to electric shocks.
                  | (rElec) [Black Draconian growth]
  3436 | D:4      | Became a worshipper of Ashenzari the Shackled
  3545 | D:4      | Noticed BruhMomento's ghost (amateur DsBe)
  3626 | D:4      | Noticed a moth of wrath
  3629 | D:4      | Found a bloodstained altar of Trog.
  3661 | D:4      | Reached skill level 5 in Dodging
  3904 | D:5      | Entered Level 5 of the Dungeon
  3964 | D:5      | Found a staircase to the Ecumenical Temple.
  3988 | Temple   | Entered the Ecumenical Temple
  4165 | D:5      | Reached skill level 1 in Spellcasting
  4230 | D:5      | Noticed Duvessa
  4230 | D:5      | Noticed Dowan
  4245 | D:5      | Killed Duvessa
  4246 | D:5      | Killed Dowan
  4589 | D:5      | Learned a level 3 spell: Mephitic Cloud
  4592 | D:5      | Learned a level 2 spell: Blink
  4607 | D:5      | Reached XP level 8. HP: 64/70 MP: 11/11
  4616 | D:5      | Reached * piety under Ashenzari
  4646 | D:5      | Noticed Edmund
  4669 | D:5      | Killed Edmund
  4669 | D:5      | Reached skill level 1 in Translocations
  5147 | D:6      | Found an opulent altar of Gozag.
  5152 | D:6      | Found Gozag's Platinum Reserve.
  5596 | D:6      | Found a basalt altar of Yredelemnul.
  5634 | D:6      | Found a runed translucent gate.
  5634 | D:6      | Found a runed translucent gate.
  5634 | D:6      | Found a runed translucent gate.
  5640 | D:6      | Noticed snackwell's ghost (novice MfSu)
  5708 | D:6      | Found a shadowy altar of Dithmenos.
  5923 | D:6      | Found an ancient bone altar of Kikubaaqudgha.
  6067 | D:6      | Reached ** piety under Ashenzari
  6521 | D:7      | Found an ancient bone altar of Kikubaaqudgha.
  7295 | D:8      | Reached XP level 9. HP: 49/79 MP: 16/16
  7300 | D:8      | Reached skill level 5 in Spellcasting
  8050 | D:8      | Found a staircase to the Lair.
  8083 | D:8      | Found a runed translucent door.
  8100 | D:8      | Noticed Harold
  8119 | D:8      | Killed Harold
  8119 | D:8      | Reached skill level 5 in Translocations
  8119 | D:8      | Reached XP level 10. HP: 67/89 MP: 20/20
  8452 | D:8      | Noticed a fire giant
  8461 | D:8      | Gained mutation: You are dopey. (Int -2) [potion of
                  | mutation]
  8461 | D:8      | Gained mutation: You are resistant to hostile enchantments.
                  | (MR+) [potion of mutation]
  8461 | D:8      | Gained mutation: Your system is resistant to poisons.
                  | (rPois) [potion of mutation]
  8461 | D:8      | Gained mutation: Your flesh is cold resistant. (rC+)
                  | [potion of mutation]
  8462 | D:8      | Slain by a fire giant

Illustrated notes

Levels and vault maps discovered:
D:1:      dpeg_arrival_rhombi, layout_rooms
D:2:      layout_rooms, grunt_ministairs_9, uniq_crazy_yiuf_cottage, uniq_robin
D:3:      layout_loops_corners, kennysheep_potato
D:4:      layout_loops_ring, tgw_trog, gammafunk_temple_overflow_forgotten,
          ebering_ghost_inner_flame, minmay_manual_mess
D:5:      layout_gridville, minmay_temple_entry_proselytizer, uniq_edmund,
          uniq_duvessa
D:6:      layout_loops_corners, lemuel_doored_altar,
          lemuel_coloured_pillars_altar, kiku_gazebo_garden_becter,
          gammafunk_ghost_split, nicolae_gozag_zags_fifth_avenue
D:7:      layout_loops_cross, basic_altar
D:8:      minmay_the_grid_four_pointed_star
          [minmay_the_grid_triangle_9x9_zippers_horizontal,
          minmay_the_grid_triangle_9x9_subtriangle,
          minmay_the_grid_triangle_9x9_thin_v,
          minmay_the_grid_triangle_9x9_fully_insulated_deathbox,
          minmay_the_grid_prize_diamond_cup], layout_gridville,
          minmay_lair_entry_grove, uniq_harold
Temple:   eino_temple_lava

Skill      XL: |  1  2  3  4  5  6  7  8  9 |
---------------+----------------------------+-----
Dodging        | 3 4 5 6 7 |  7.4
Fighting       | 3 4 5 6 7 8 |  8.5
Staves         | 4 5 6 8 |  8.1
Spellcasting   | 2 4 7 |  7.6
Translocations | 3 5 |  5.2
Throwing       | |  1.7

Action                   |  1- 3 |  4- 6 |  7- 9 | 10-12 || total
-------------------------+-------+-------+-------+-------++-------
Melee: Quarterstaff      |   107 |   155 |   301 |    34 ||   597
       Tailslap          |     7 |    21 |    44 |     5 ||    77
Invok: Curse Item        |       |       |     1 |       ||     1
 Abil: Breathe Lightning |       |       |     4 |     1 ||     5
  Use: Potion            |     1 |       |       |     4 ||     5
 Stab: Distracted        |     1 |       |       |       ||     1
       Petrified         |       |     3 |       |       ||     3
       Sleeping          |       |     1 |     3 |       ||     4
       Paralysed         |       |       |     3 |       ||     3
Armor: Skin              |    32 |    50 |    76 |     3 ||   161
Dodge: Dodged            |    60 |   105 |   191 |    24 ||   380

Table legend: (Time is in decaauts)
 A = Elapsed time spent in this place.
 B = Non-inter-level travel time spent in this place.
 C = Inter-level travel time spent in this place.
 D = Time resting spent in this place.
 E = Time spent auto-exploring this place.
 F = Levels seen in this place.
 G = Mean time per level.
                   A        B        C        D        E       F      G
               +--------+--------+--------+--------+--------+-----+--------+
         Total |   8452 |   8190 |    262 |   2141 |   4717 |   9 |  939.1 |
       Dungeon |   8316 |   8054 |    262 |   2007 |   4717 |   8 | 1039.5 |
        Temple |    135 |    135 |      0 |    134 |      0 |   1 |  135.0 |
               +--------+--------+--------+--------+--------+-----+--------+

Top non-repeatable levels by time:
     D:6: 1337 daAuts
     D:2: 1304 daAuts
     D:5: 1101 daAuts
     D:4: 1092 daAuts
     D:7: 1045 daAuts
     D:8: 902 daAuts
     D:3: 867 daAuts
     D:1: 665 daAuts
  Temple: 135 daAuts
